3108 views
Uploaded 2020-03-28 20:12:23
Game version 1.32.3
16:54 long 2on2 ladder game on (6)GnollWood
Saved by BzhChris
3108 views
Uploaded 2020-03-28 20:12:23
Game version 1.32.3
16:54 long 2on2 ladder game on (6)GnollWood


65 units @ 9k
/ 0.9k
30 buildings @ 4.2k
/ 1.6k


| Healing Salve | 2 | 200 |
| Lesser Clarity Potion | 2 | 140 |
| Scroll of Speed | 2 | 100 |
| Dust of Appearance | 1 | 75 |
| Scroll of Town Portal | 3 | 1050 |
| Scroll of Healing | 3 | 750 |
| Circlet of Nobility | 1 | 175 |
| Boots of Speed | 2 | 500 |
| total: | 16 | 2990g |
| Peon | 7 | 525 | / | 0 |
| Grunt | 5 | 1000 | / | 0 |
| Raider | 7 | 1260 | / | 280 |
| Shaman | 8 | 1040 | / | 160 |
| total: | 27 | 3825g | / | 440w |
| Altar of Storms | 1 | 180 | / | 50 |
| Orc Burrow | 7 | 1120 | / | 280 |
| Voodoo Lounge | 1 | 130 | / | 30 |
| Barracks | 1 | 180 | / | 50 |
| Beastiary | 1 | 145 | / | 140 |
| Spirit Lodge | 1 | 150 | / | 150 |
| Stronghold | 3 | 945 | / | 570 |
| Fortress | 1 | 325 | / | 190 |
| total: | 12 | 1905g | / | 700w |
| 0:01 | Peon |
| 0:04 | Altar of Storms |
| 0:11 | Peon |
| 0:13 | Orc Burrow |
| 0:20 | Peon |
| 0:39 | Peon |
| 0:47 | Voodoo Lounge |
| 0:49 | Peon |
| 0:56 | Peon |
| 1:12 | Peon |
| 2:00 | Stronghold |
| 2:04 | Healing Salve |
| 2:04 | Lesser Clarity Potion |
| 2:04 | Scroll of Speed |
| 2:08 | Wind Walk |
| 2:18 | Barracks |
| 2:31 | Circlet of Nobility |
| 2:38 | Orc Burrow |
| 3:24 | Grunt |
| 3:40 | Boots of Speed |
| 4:04 | Grunt |
| 4:23 | Beastiary |
| 4:26 | Orc Burrow |
| 4:29 | Spirit Lodge |
| 4:43 | Critical Strike |
| 5:40 | Raider |
| 5:40 | Ensnare |
| 5:43 | Shaman |
| 6:07 | Healing Wave |
| 6:09 | Healing Salve |
| 6:09 | Lesser Clarity Potion |
| 6:09 | Scroll of Speed |
| 6:39 | Berserker Strength |
| 7:14 | Raider |
| 7:16 | Shaman Adept Training |
| 7:42 | Raider |
| 7:42 | Shaman |
| 8:04 | Serpent Ward |
| 8:09 | Boots of Speed |
| 8:47 | Shaman |
| 8:49 | Fortress |
| 8:50 | Orc Burrow |
| 9:41 | Dust of Appearance |
| 10:05 | Scroll of Town Portal |
| 10:28 | Scroll of Town Portal |
| 10:32 | Orc Burrow |
| 10:34 | Shaman |
| 10:36 | Raider |
| 10:37 | Grunt |
| 11:19 | Critical Strike |
| 11:42 | Shaman |
| 11:45 | Shaman Master Training |
| 11:55 | Scroll of Healing |
| 12:21 | Orc Burrow |
| 12:23 | Orc Burrow |
| 12:25 | Raider |
| 12:28 | Grunt |
| 12:30 | Shaman |
| 15:05 | Healing Wave |
| 15:28 | Scroll of Healing |
| 15:28 | Scroll of Healing |
| 15:28 | Scroll of Town Portal |
| 15:46 | Wind Walk |
| 15:56 | Raider |
| 15:57 | Shaman |
| 16:39 | Raider |
| 16:39 | Shaman |
| 16:40 | Grunt |
| Right click | 1027 |
| Assign group | 398 |
| Select group | 308 |
| Select | 205 |
| Build/train/purchase | 95 |
| Use ability | 45 |
| Misc. action | 23 |
| Item give/drop | 6 |
| Remove unit | 4 |
| Minimap ping | 2 |


| Scroll of Regeneration | 3 | 300 |
| Scroll of Healing | 2 | 500 |
| Scroll of Town Portal | 1 | 350 |
| Potion of Lesser Invulnerability | 2 | 300 |
| Scroll of Protection | 1 | 150 |
| total: | 9 | 1600g |
| Peasant | 14 | 1050 | / | 0 |
| Footman | 5 | 675 | / | 0 |
| Rifleman | 8 | 1640 | / | 240 |
| Priest | 2 | 270 | / | 20 |
| Sorceress | 7 | 1085 | / | 140 |
| Spell Breaker | 1 | 215 | / | 30 |
| Forest Troll Shadow Priest | 1 | 195 | / | 10 |
| total: | 38 | 5130g | / | 440w |
| Altar of Kings | 1 | 180 | / | 50 |
| Farm | 9 | 720 | / | 180 |
| Barracks | 2 | 320 | / | 120 |
| Blacksmith | 1 | 140 | / | 60 |
| Arcane Vault | 1 | 130 | / | 30 |
| Lumber Mill | 1 | 120 | / | 0 |
| Town Hall | 1 | 385 | / | 205 |
| Arcane Sanctum | 2 | 300 | / | 280 |
| Keep | 1 | 320 | / | 210 |
| Castle | 1 | 360 | / | 210 |
| total: | 18 | 2295g | / | 925w |
| 0:02 | Peasant |
| 0:06 | Altar of Kings |
| 0:17 | Peasant |
| 0:19 | Farm |
| 0:20 | Barracks |
| 0:28 | Peasant |
| 0:44 | Peasant |
| 0:56 | Farm |
| 0:58 | Peasant |
| 1:05 | Peasant |
| 1:21 | Footman |
| 1:27 | Peasant |
| 1:38 | Farm |
| 1:45 | Footman |
| 1:57 | Peasant |
| 2:05 | Summon Water Elemental |
| 2:06 | Footman |
| 2:24 | Peasant |
| 2:30 | Footman |
| 2:56 | Keep |
| 3:10 | Blacksmith |
| 3:17 | Farm |
| 3:54 | Brilliance Aura |
| 4:16 | Arcane Vault |
| 4:31 | Footman |
| 4:58 | Rifleman |
| 5:15 | Farm |
| 5:17 | Black Gunpowder |
| 5:21 | Scroll of Regeneration |
| 5:28 | Long Rifles |
| 5:46 | Arcane Sanctum |
| 5:55 | Farm |
| 6:32 | Siphon Mana |
| 6:39 | Rifleman |
| 6:43 | Priest |
| 7:09 | Peasant |
| 7:09 | Peasant |
| 7:10 | Peasant |
| 7:13 | Lumber Mill |
| 7:16 | Refined Gunpowder |
| 7:51 | Summon Water Elemental |
| 8:04 | Town Hall |
| 8:10 | Farm |
| 8:13 | Improved Lumber Harvesting |
| 8:35 | Sorceress |
| 8:37 | Sorceress |
| 8:45 | Flame Strike |
| 8:50 | Forest Troll Shadow Priest |
| 9:07 | Sorceress |
| 9:12 | Scroll of Regeneration |
| 9:24 | Farm |
| 9:25 | Farm |
| 9:32 | Peasant |
| 9:45 | Potion of Lesser Invulnerability |
| 9:46 | Scroll of Healing |
| 9:52 | Scroll of Protection |
| 10:15 | Sorceress Adept Training |
| 11:01 | Rifleman |
| 11:21 | Scroll of Regeneration |
| 11:23 | Scroll of Town Portal |
| 11:30 | Rifleman |
| 11:32 | Sorceress |
| 11:37 | Barracks |
| 12:04 | Scroll of Healing |
| 12:04 | Potion of Lesser Invulnerability |
| 12:20 | Studded Leather Armor |
| 12:24 | Castle |
| 12:29 | Arcane Sanctum |
| 12:38 | Peasant |
| 12:54 | Rifleman |
| 13:10 | Sorceress |
| 13:25 | Spell Breaker |
| 14:01 | Rifleman |
| 14:18 | Flame Strike |
| 14:36 | Rifleman |
| 14:38 | Sorceress |
| 15:06 | Brilliance Aura |
| 15:19 | Priest |
| 15:20 | Rifleman |
| 15:49 | Sorceress |
| 15:53 | Sundering Blades |
| 15:53 | Animal War Training |
| 16:19 | Imbued Gunpowder |
| 16:38 | Siphon Mana |
| Right click | 904 |
| Select group | 728 |
| Select | 386 |
| Misc. action | 140 |
| Build/train/purchase | 119 |
| Assign group | 67 |
| Use ability | 13 |
| Resource trade | 12 |
| Chat | 6 |
| Item give/drop | 2 |
| Remove unit | 2 |
| Esc | 2 |
65 units @ 8.9k
/ 0.8k
27 buildings @ 4.4k
/ 1.6k


| Healing Salve | 2 | 200 |
| Periapt of Vitality | 1 | 325 |
| total: | 3 | 525g |
| Peon | 8 | 600 | / | 0 |
| Grunt | 10 | 2000 | / | 0 |
| Troll Headhunter | 3 | 420 | / | 60 |
| Troll Witch Doctor | 2 | 290 | / | 50 |
| Raider | 3 | 540 | / | 120 |
| Shaman | 1 | 130 | / | 20 |
| total: | 27 | 3980g | / | 250w |
| Watch Tower | 1 | 110 | / | 80 |
| Altar of Storms | 1 | 180 | / | 50 |
| Orc Burrow | 5 | 800 | / | 200 |
| Barracks | 1 | 180 | / | 50 |
| War Mill | 1 | 205 | / | 0 |
| Voodoo Lounge | 1 | 130 | / | 30 |
| Spirit Lodge | 1 | 150 | / | 150 |
| Beastiary | 1 | 145 | / | 140 |
| Stronghold | 1 | 315 | / | 190 |
| Fortress | 1 | 325 | / | 190 |
| total: | 12 | 1900g | / | 700w |
| 0:03 | Peon |
| 0:03 | Peon |
| 0:08 | Altar of Storms |
| 0:11 | Orc Burrow |
| 0:13 | Peon |
| 0:30 | Peon |
| 0:39 | Barracks |
| 0:48 | Peon |
| 0:58 | Peon |
| 1:10 | Peon |
| 1:35 | Orc Burrow |
| 1:39 | War Mill |
| 1:48 | Peon |
| 2:06 | Grunt |
| 2:06 | Grunt |
| 2:11 | War Stomp |
| 2:32 | Voodoo Lounge |
| 2:50 | Stronghold |
| 3:11 | Troll Headhunter |
| 3:16 | Steel Ranged Weapons |
| 3:37 | Orc Burrow |
| 3:53 | Grunt |
| 4:08 | Steel Armor |
| 4:36 | Periapt of Vitality |
| 5:21 | Berserker Strength |
| 5:28 | Spirit Lodge |
| 5:35 | Healing Salve |
| 5:44 | Troll Regeneration |
| 5:45 | Troll Headhunter |
| 6:21 | Watch Tower |
| 6:30 | Beastiary |
| 7:05 | Orc Burrow |
| 7:08 | Endurance Aura |
| 7:42 | Ensnare |
| 7:46 | Witch Doctor Adept Training |
| 7:46 | Troll Witch Doctor |
| 7:51 | Hex |
| 8:13 | Troll Headhunter |
| 8:14 | Grunt |
| 9:11 | Raider |
| 9:11 | Raider |
| 9:12 | Raider |
| 9:13 | Troll Witch Doctor |
| 9:34 | Healing Salve |
| 9:57 | Grunt |
| 9:59 | Shaman Adept Training |
| 10:10 | Endurance Aura |
| 10:31 | Orc Burrow |
| 10:51 | Shaman |
| 11:37 | Grunt |
| 11:46 | Fortress |
| 11:50 | Steel Melee Weapons |
| 11:50 | Thorium Armor |
| 12:29 | Healing Wave |
| 12:41 | Grunt |
| 12:42 | Grunt |
| 14:51 | Grunt |
| 14:51 | Grunt |
| Right click | 830 |
| Select | 304 |
| Build/train/purchase | 66 |
| Use ability | 20 |
| Misc. action | 13 |
| Assign group | 3 |
| Select group | 2 |
| Remove unit | 1 |
| Minimap ping | 1 |


| Scroll of Town Portal | 1 | 350 |
| total: | 1 | 350g |
| Wisp | 16 | 960 | / | 0 |
| Archer | 10 | 1300 | / | 100 |
| Huntress | 9 | 1755 | / | 180 |
| Glaive Thrower | 1 | 210 | / | 65 |
| Mountain Giant | 2 | 700 | / | 200 |
| total: | 38 | 4925g | / | 545w |
| Ancient Protector | 2 | 270 | / | 160 |
| Altar of Elders | 1 | 180 | / | 50 |
| Moon Well | 8 | 1440 | / | 320 |
| Ancient of War | 1 | 150 | / | 60 |
| Ancient of Wonders | 1 | 90 | / | 30 |
| Hunter's Hall | 1 | 210 | / | 100 |
| Ancient of Lore | 1 | 155 | / | 145 |
| Tree of Ages | 1 | 320 | / | 180 |
| Tree of Eternity | 1 | 330 | / | 200 |
| total: | 15 | 2495g | / | 865w |
| 0:06 | Wisp |
| 0:06 | Wisp |
| 0:09 | Altar of Elders |
| 0:13 | Moon Well |
| 0:15 | Wisp |
| 0:34 | Wisp |
| 0:51 | Wisp |
| 0:51 | Wisp |
| 1:06 | Moon Well |
| 1:19 | Wisp |
| 1:19 | Wisp |
| 1:19 | Wisp |
| 1:29 | Ancient of War |
| 1:50 | Wisp |
| 1:57 | Wisp |
| 2:05 | Ancient of Wonders |
| 2:21 | Immolation |
| 2:27 | Wisp |
| 2:36 | Hunter's Hall |
| 2:56 | Archer |
| 2:57 | Archer |
| 2:58 | Archer |
| 3:12 | Moon Well |
| 3:33 | Moon Well |
| 4:23 | Moon Well |
| 5:05 | Ancient Protector |
| 5:09 | Ancient Protector |
| 5:11 | Huntress |
| 5:11 | Huntress |
| 5:12 | Archer |
| 5:16 | Ultravision |
| 5:31 | Moon Well |
| 6:02 | Tree of Ages |
| 6:20 | Strength of the Moon |
| 6:28 | Moon Armor |
| 6:42 | Archer |
| 7:03 | Moon Well |
| 8:11 | Moon Well |
| 8:13 | Huntress |
| 8:14 | Glaive Thrower |
| 8:15 | Huntress |
| 8:36 | Nature's Blessing |
| 8:52 | Improved Strength of the Moon |
| 9:10 | Evasion |
| 9:30 | Sentinel |
| 9:52 | Wisp |
| 9:52 | Wisp |
| 10:00 | Wisp |
| 10:02 | Wisp |
| 10:42 | Trueshot Aura |
| 11:59 | Ancient of Lore |
| 12:38 | Moon Glaive |
| 12:38 | Improved Bows |
| 12:39 | Archer |
| 12:39 | Huntress |
| 12:42 | Tree of Eternity |
| 12:43 | Archer |
| 12:44 | Huntress |
| 12:44 | Archer |
| 13:22 | Mountain Giant |
| 13:25 | Huntress |
| 13:58 | Scroll of Town Portal |
| 14:56 | Searing Arrows |
| 15:27 | Resistant Skin |
| 15:28 | Mountain Giant |
| 15:30 | Archer |
| 15:30 | Marksmanship |
| 15:30 | Huntress |
| 15:51 | Evasion |
| 15:55 | Hardened Skin |
| 15:57 | Archer |
| 15:57 | Huntress |
| 16:00 | Well Spring |
| Right click | 1130 |
| Select | 241 |
| Build/train/purchase | 88 |
| Assign group | 8 |
| Misc. action | 6 |
| Use ability | 6 |
| Select group | 2 |